 Dungeon Crawl Stone Soup version 0.29-a0-598-gd8304a5bf4 (webtiles) character file.

Game seed: 11336097626768436993

4 chronatog the Insei (level 1, -3/17 HPs)
             Began as a Gnoll Transmuter on June 15, 2022.
             Slain by a goblin
             ... wielding a +0 dagger
             ... led by Robin
              (5 damage)
             ... on level 2 of the Dungeon on June 16, 2022.
             The game lasted 00:01:26 (176 turns).

chronatog the Insei (Gnoll Transmuter)               Turns: 176, Time: 00:01:27

Health: -3/17      AC:  2    Str:  9    XL:     1   Next: 70%
Magic:  6/6        EV: 13    Int: 12    God:
Gold:   3          SH:  0    Dex: 12    Spells: 8/9 levels left

rFire   . . .      SeeInvis .   e - +0 dagger
rCold   . . .      Faith    .   (no shield)
rNeg    . . .      Spirit   .   a - +0 robe
rPois   .          Reflect  .   (no helmet)
rElec   .          Harm     .   (no cloak)
rCorr   .          Rampage  .   (no gloves)
Will    .....                   (no boots)
Stlth   +.........              (no amulet)
HPRegen 0.05/turn               (no ring)
MPRegen 0.10/turn               (no ring)

@: no status effects
A: fangs 1, strong nose, distributed training
a: no special abilities


You were on level 2 of the Dungeon.
You visited 1 branch of the dungeon, and saw 2 of its levels.

You collected 3 gold pieces.

Inventory:

Hand Weapons
 e - a +0 dagger (weapon)
 h - a +0 hunting sling
Armour
 a - a +0 robe (worn)
Scrolls
 d - a scroll of immolation {unknown}
 f - a scroll of identify {unknown}
Potions
 b - a potion of lignification
 c - a potion of heal wounds {unknown}
 g - a potion of attraction {unknown}


   Skills:
 + Level 2.4 Fighting
 + Level 0.1 Short Blades
 + Level 0.1 Long Blades
 + Level 0.1 Axes
 + Level 0.1 Maces & Flails
 + Level 0.1 Polearms
 + Level 0.1 Staves
 + Level 0.1 Slings
 + Level 0.1 Bows
 + Level 0.1 Crossbows
 + Level 0.1 Throwing
 + Level 0.1 Armour
 + Level 4.4 Dodging
 + Level 0.1 Stealth
 + Level 0.1 Shields
 + Level 6.4 Unarmed Combat
 + Level 4.9 Spellcasting
 + Level 0.1 Conjurations
 + Level 0.1 Hexes
 + Level 0.1 Summonings
 + Level 0.1 Necromancy
 + Level 0.1 Translocations
 + Level 3.6 Transmutations
 + Level 0.1 Fire Magic
 + Level 0.1 Ice Magic
 + Level 0.1 Air Magic
 + Level 0.1 Earth Magic
 + Level 0.1 Poison Magic
 + Level 0.2 Invocations
 + Level 0.1 Evocations


You had 8 spell levels left.
You knew the following spells:

 Your Spells              Type           Power      Damage    Failure   Level
a - Beastly Appendage     Tmut           22%        N/A       4%          1

Your spell library contained the following spells:

 Spells                   Type           Power      Damage    Failure   Level
 Wereblood                Tmut           11%        N/A       7%          2
 Apportation              Tloc           6%         N/A       19%         1
 Necrotize                Necr           12%        1d4       19%         1
 Summon Small Mammal      Summ           12%        N/A       19%         1
 Spider Form              Tmut/Pois      7%         N/A       28%         3
 Ice Form                 Ice/Tmut       7%         N/A       67%         4


Dungeon Overview and Level Annotations

Branches:
Dungeon (1/15)

Altars:

Annotations:
D:2 Robin


Innate Abilities, Weirdness & Mutations

You have very sharp teeth.
Your uncanny sense of smell can sniff out nearby items.
Your experience applies equally to all skills.


Message History

The goblins go into a battle-frenzy!
The hobgoblin hits you.
Things that are here:
a +0 club; a goblin corpse
Casting: Beastly Appendage (safe; 4% risk of failure)
Confirm with . or Enter, or press ? or * to list all spells.
You don't know that spell.
The goblin shouts!
You hit the hobgoblin.
The hobgoblin is moderately wounded.
The hobgoblin closely misses you.
You hit the hobgoblin. Your kick misses the hobgoblin.
You headbutt the hobgoblin.
You kill the hobgoblin!
Robin closely misses you.
You hit Robin but do no damage. Robin throws the goblin at you!
The goblin barely misses you.
You are too injured to fight recklessly!
You hit Robin. Your headbutt misses Robin. Your bite misses Robin.
Robin is moderately wounded.
The goblin hits you but does no damage. Robin hits you but does no damage.
You hit Robin but do no damage. You claw Robin.
Robin is heavily wounded.
Robin misses you. The goblin hits you with a +0 dagger.
You barely miss Robin. You bite Robin, but do no damage.
Robin is heavily wounded.
The goblin barely misses you. Robin throws the goblin at you!
You closely miss Robin. Your kick misses Robin. You headbutt Robin.
Your bite misses Robin.
Robin is severely wounded.
The goblin closely misses you. The goblin barely misses you.
You barely miss Robin. You claw Robin, but do no damage.
Robin is severely wounded.
Your horns disappear.
Your talons disappear.
The goblin barely misses you. The goblin hits you with a +0 dagger.
* * * LOW HITPOINT WARNING * * *
You hit Robin but do no damage. You bite Robin, but do no damage.
Robin is severely wounded.
The goblin hits you with a +0 dagger.
You die...

∆ ∆ ########.#
#g@ggg...#
#.###g#########
#...).#........
######..........
................
######..........
###.####### #.#
..#


You could see Robin and 4 goblins.

Vanquished Creatures
  An endoplasm (D:1)
  A hobgoblin (D:2)
  2 goblins (D:2)
4 creatures vanquished.

Notes
Turn   | Place    | Note
-------+----------+-------------------------------------------
     0 | D:1      | chronatog the Gnoll Transmuter began the quest for the Orb.
     0 | D:1      | Reached XP level 1. HP: 17/17 MP: 6/6
   150 | D:1      | You fall into a shaft and drop 1 floor!
   166 | D:2      | Noticed Robin
   176 | D:2      | Slain by a goblin

Illustrated notes

Levels and vault maps discovered:
D:1:      dpeg_arrival_more_subterranean_lakeside_camping, layout_basic,
          serial_shops, nicolae_shop_hallway_plus
D:2:      layout_basic, uniq_crazy_yiuf_cottage, uniq_robin

Action                   || total
-------------------------++-------
Melee: Dagger            ||    15
       Kick              ||     5
       Headbutt          ||     4
       Bite              ||     2
 Cast: Beastly Appendage ||     2
Armor: Robe              ||     3
Dodge: Dodged            ||     9

Table legend: (Time is in decaauts)
 A = Elapsed time spent in this place.
 B = Non-inter-level travel time spent in this place.
 C = Inter-level travel time spent in this place.
 D = Time resting spent in this place.
 E = Time spent auto-exploring this place.
 F = Levels seen in this place.
 G = Mean time per level.
                   A        B        C        D        E       F      G
               +--------+--------+--------+--------+--------+-----+--------+
         Total |    177 |    177 |      0 |     54 |     68 |   2 |   88.5 |
       Dungeon |    177 |    177 |      0 |     54 |     68 |   2 |   88.5 |
               +--------+--------+--------+--------+--------+-----+--------+

Top non-repeatable levels by time:
     D:1: 151 daAuts
     D:2: 25 daAuts
